General information
- name: BNet
- type: Ladder team game (AT/RT)
- host: Battle.net
- saver: Bacillus
map: Deadlock
- players: 8
- length: 51:52
- speed: Fast
- version: 1.26 W3XP
- replay type: Public
» download(267 KB)
Players
team 1 (winner)

»
Bacillus (
red | 113 APM | 5858 actions | 51:52)
9 Demon Hunter
3 Mana Burn
3 Evasion
1 Metamorphosis
2 Immolation
8 Pit Lord
3 Cleaving Attack
3 Howl of Terror
1 Doom
1 Rain of Fire
» actions
| Assign group hotkey | 685 | |
| Basic commands | 36 | |
| Build / train | 157 | |
| Enter build submenu | 36 | |
| Enter hero's abilities submenu | 17 | |
| Give item / drop item | 2 | |
| Remove unit from queue | 4 | |
| Right click | 2791 | |
| Select / deselect | 895 | |
| Select group hotkey | 927 | |
| Use ability | 308 | |
5858 total
» units
| Wisp | 61 | |
| Archer | 5 | |
| Mountain Giant | 2 | |
| Dryad | 20 | |
| Druid of the Claw | 1 | |
89 total
» upgrades
| Strength of the Wild | 3 | |
| Ultravision | 1 | |
| Reinforced Hides | 3 | |
| Resistant Skin | 1 | |
| Hardened Skin | 1 | |
| Well Spring | 1 | |
| Druid of the Claw Training | 2 | |
| Abolish Magic | 1 | |
| Mark of the Claw | 1 | |
14 total
» buildings
| Altar of Elders | 2 | |
| Moon Well | 12 | |
| Ancient of War | 1 | |
| Tree of Ages | 7 | |
| Ancient of Wonders | 1 | |
| Hunter's Hall | 2 | |
| Ancient of Lore | 6 | |
| Tree of Life | 10 | |
| Tree of Eternity | 3 | |
44 total
» build order
00:06 Altar of Elders
00:09 Moon Well
00:39 Ancient of War
01:44 Moon Well
03:22 Tree of Ages
03:23 Tree of Ages
03:23 Tree of Ages
03:36 Moon Well
04:30 Moon Well
05:00 Ancient of Wonders
05:23 Hunter's Hall
06:27 Ancient of Lore
06:29 Ancient of Lore
08:07 Tree of Life
12:30 Tree of Eternity
12:30 Tree of Eternity
12:31 Tree of Eternity
14:44 Moon Well
14:45 Moon Well
23:07 Tree of Life
26:12 Tree of Ages
27:35 Tree of Life
31:10 Ancient of Lore
31:12 Ancient of Lore
33:28 Tree of Life
35:29 Tree of Life
36:32 Tree of Life
37:32 Tree of Life
38:33 Moon Well
41:46 Moon Well
41:53 Tree of Ages
41:53 Tree of Ages
42:05 Moon Well
43:34 Moon Well
44:31 Altar of Elders
44:34 Hunter's Hall
44:59 Moon Well
46:09 Ancient of Lore
46:11 Ancient of Lore
47:51 Tree of Life
47:58 Tree of Life
48:40 Moon Well
49:09 Tree of Life
» items
| Circlet of Nobility | 1 | |
| Boots of Speed | 1 | |
| Staff of Preservation | 2 | |
| Scroll of Town Portal | 7 | |
| Healing Salve | 1 | |
| Orb of Venom | 2 | |
| Potion of Lesser Invulnerability | 2 | |
16 total

»
monkeymonkeymon (
teal | 23 APM | 715 actions | 30:39)
4 Demon Hunter
1 Immolation
1 Evasion
2 Mana Burn
3 Keeper of the Grove
2 Entangling Roots
1 Thorns Aura
» actions
| Assign group hotkey | 17 | |
| Basic commands | 33 | |
| Build / train | 74 | |
| ESC pressed | 1 | |
| Enter build submenu | 27 | |
| Enter hero's abilities submenu | 8 | |
| Right click | 193 | |
| Select / deselect | 250 | |
| Select group hotkey | 59 | |
| Use ability | 53 | |
715 total
» units
| Wisp | 22 | |
| Archer | 9 | |
| Huntress | 12 | |
| Dryad | 3 | |
| Mountain Giant | 2 | |
| Hippogryph | 4 | |
52 total
» upgrades
| Strength of the Moon | 1 | |
| Upgrade Moon Glaive | 1 | |
| Strength of the Wild | 3 | |
| Abolish Magic | 1 | |
| Hardened Skin | 1 | |
| Resistant Skin | 1 | |
| Well Spring | 1 | |
| Reinforced Hides | 1 | |
10 total
» buildings
| Altar of Elders | 1 | |
| Moon Well | 9 | |
| Ancient of War | 1 | |
| Hunter's Hall | 2 | |
| Tree of Ages | 1 | |
| Ancient of Wonders | 1 | |
| Tree of Eternity | 1 | |
| Ancient of Lore | 2 | |
| Ancient of Wind | 3 | |
| Tree of Life | 1 | |
| Ancient Protector | 1 | |
23 total
» build order
00:22 Altar of Elders
00:35 Moon Well
01:01 Ancient of War
02:37 Hunter's Hall
03:51 Moon Well
03:58 Tree of Ages
04:03 Moon Well
04:09 Ancient of Wonders
05:47 Moon Well
05:48 Moon Well
06:44 Moon Well
06:54 Tree of Eternity
06:59 Moon Well
08:13 Moon Well
08:15 Moon Well
11:07 Ancient of Lore
11:38 Ancient of Lore
16:53 Ancient of Wind
16:58 Ancient of Wind
17:45 Ancient of Wind
21:53 Tree of Life
26:05 Hunter's Hall
27:23 Ancient Protector
fredwoww (
blue | 26 APM | 1346 actions | 51:51)
8 Blademaster
3 Wind Walk
3 Critical Strike
1 Bladestorm
1 Mirror Image
» actions
| Build / train | 67 | |
| Enter build submenu | 19 | |
| Enter hero's abilities submenu | 8 | |
| Remove unit from queue | 2 | |
| Right click | 830 | |
| Select / deselect | 338 | |
| Use ability | 82 | |
1346 total
» units
| Peon | 11 | |
| Grunt | 6 | |
| Wind Rider | 16 | |
| Shaman | 6 | |
| Troll Batrider | 8 | |
47 total
» upgrades
| Shaman Training | 2 | |
| Envenomed Spears | | |
2 total
» buildings
| Altar of Storms | 1 | |
| Orc Burrow | 8 | |
| Barracks | 1 | |
| War Mill | 1 | |
| Voodoo Lounge | 1 | |
| Stronghold | 1 | |
| Beastiary | 1 | |
| Spirit Lodge | 1 | |
| Fortress | 1 | |
| Great Hall | 3 | |
19 total
» build order
00:10 Altar of Storms
00:13 Orc Burrow
01:11 Barracks
01:32 Orc Burrow
01:58 War Mill
02:33 Voodoo Lounge
02:55 Orc Burrow
03:40 Stronghold
04:18 Orc Burrow
05:27 Orc Burrow
06:31 Beastiary
06:52 Spirit Lodge
08:25 Orc Burrow
12:00 Fortress
15:28 Great Hall
17:45 Orc Burrow
19:06 Orc Burrow
21:02 Great Hall
32:28 Great Hall
» items
| Healing Salve | 3 | |
| Potion of Mana | 1 | |
| Orb of Lightning | 1 | |
| Potion of Healing | 1 | |
6 total

»
fromhell07 (
pink | 24 APM | 701 actions | 29:41)
5 Shadow Hunter
2 Serpent Ward
2 Healing Wave
1 Hex
» actions
| Build / train | 102 | |
| Enter build submenu | 20 | |
| Enter hero's abilities submenu | 5 | |
| Give item / drop item | 1 | |
| Right click | 354 | |
| Select / deselect | 174 | |
| Use ability | 45 | |
701 total
» units
| Peon | 8 | |
| Troll Headhunter/Berserker | 41 | |
| Tauren | 10 | |
| Troll Batrider | 16 | |
| Wind Rider | 5 | |
80 total
» upgrades
| Ranged Weapons | 2 | |
| Spiked Barricades | 1 | |
| Reinforced Defenses | 1 | |
| Berserker Upgrade | 1 | |
| Pulverize | 1 | |
| Liquid Fire | 2 | |
| Envenomed Spears | 1 | |
9 total
» buildings
| Altar of Storms | 1 | |
| Barracks | 1 | |
| Orc Burrow | 9 | |
| War Mill | 1 | |
| Stronghold | 1 | |
| Voodoo Lounge | 1 | |
| Fortress | 1 | |
| Tauren Totem | 1 | |
| Great Hall | 1 | |
| Beastiary | 2 | |
19 total
» build order
00:08 Altar of Storms
00:13 Barracks
00:17 Orc Burrow
02:16 War Mill
02:42 Orc Burrow
03:23 Orc Burrow
05:02 Stronghold
06:24 Voodoo Lounge
07:41 Fortress
12:17 Tauren Totem
12:31 Orc Burrow
12:35 Orc Burrow
12:41 Orc Burrow
18:11 Orc Burrow
18:18 Orc Burrow
18:37 Orc Burrow
21:04 Great Hall
21:23 Beastiary
27:35 Beastiary
» items
| Scroll of Town Portal | 4 | |
| Healing Salve | 1 | |
5 total
team 2 (loser)
wolfmam (
yellow | 38 APM | 1968 actions | 51:40)
10 Dark Ranger
3 Black Arrow
3 Life Drain
1 Charm
3 Silence
» actions
| Build / train | 69 | |
| Enter build submenu | 28 | |
| Enter hero's abilities submenu | 10 | |
| Remove unit from queue | 4 | |
| Right click | 1230 | |
| Select / deselect | 533 | |
| Use ability | 94 | |
1968 total
» units
| Acolyte | 6 | |
| Ghoul | 5 | |
| Crypt Fiend | 14 | |
| Frost Wyrm | 10 | |
35 total
» upgrades
| Burrow | 1 | |
| Web | 1 | |
| Freezing Breath | 1 | |
3 total
» buildings
| Ziggurat | 13 | |
| Crypt | 1 | |
| Altar of Darkness | 1 | |
| Graveyard | 1 | |
| Halls of the Dead | 1 | |
| Spirit Tower | 4 | |
| Tomb of Relics | 1 | |
| Nerubian Tower | 3 | |
| Black Citadel | 1 | |
| Sacrificial Pit | 1 | |
| Boneyard | 2 | |
| Necropolis | 1 | |
30 total
» build order
00:18 Ziggurat
00:23 Crypt
00:29 Altar of Darkness
01:16 Graveyard
01:21 Ziggurat
03:01 Halls of the Dead
03:31 Ziggurat
04:31 Spirit Tower
04:48 Tomb of Relics
04:54 Nerubian Tower
06:25 Black Citadel
06:41 Sacrificial Pit
07:20 Ziggurat
07:29 Ziggurat
08:56 Boneyard
09:44 Boneyard
11:56 Nerubian Tower
13:53 Ziggurat
13:55 Spirit Tower
16:53 Ziggurat
18:10 Ziggurat
18:59 Ziggurat
35:44 Ziggurat
36:26 Ziggurat
36:30 Ziggurat
37:46 Spirit Tower
38:11 Spirit Tower
39:46 Necropolis
39:53 Nerubian Tower
41:43 Ziggurat
» items
| Dust of Appearance | 3 | |
| Moonstone | 1 | |
| Potion of Healing | 1 | |
| Rod of Necromancy | 1 | |
| Scroll of Town Portal | 1 | |
7 total
SleuthfulLoki (
green | 34 APM | 374 actions | 10:58)
2 Far Seer
1 Feral Spirit
1 Chain Lighting
» actions
| Basic commands | 16 | |
| Build / train | 23 | |
| Enter build submenu | 16 | |
| Enter hero's abilities submenu | 2 | |
| Right click | 181 | |
| Select / deselect | 111 | |
| Use ability | 25 | |
374 total
» units
| Peon | 7 | |
| Troll Headhunter/Berserker | 4 | |
| Grunt | 3 | |
14 total
» upgrades
| Melee Weapons | 1 | |
| Armor | 1 | |
| Berserker Strength | 1 | |
| Shaman Training | 1 | |
4 total
» buildings
| Orc Burrow | 4 | |
| Altar of Storms | 1 | |
| War Mill | 2 | |
| Barracks | 2 | |
| Stronghold | 1 | |
| Voodoo Lounge | 1 | |
| Fortress | 1 | |
| Spirit Lodge | 2 | |
| Tauren Totem | 2 | |
16 total
» build order
00:07 Orc Burrow
00:11 Altar of Storms
00:18 War Mill
00:30 War Mill
01:42 Orc Burrow
02:00 Barracks
02:09 Barracks
04:33 Stronghold
04:59 Voodoo Lounge
05:08 Orc Burrow
06:29 Orc Burrow
06:58 Fortress
07:27 Spirit Lodge
08:55 Spirit Lodge
10:46 Tauren Totem
10:47 Tauren Totem

»
betrayer. (
orange | 36 APM | 1872 actions | 51:50)
9 Demon Hunter
3 Mana Burn
3 Evasion
1 Metamorphosis
2 Immolation
2 Far Seer
2 Feral Spirit
» actions
| Build / train | 76 | |
| Enter build submenu | 28 | |
| Enter hero's abilities submenu | 12 | |
| Give item / drop item | 1 | |
| Right click | 891 | |
| Select / deselect | 746 | |
| Use ability | 118 | |
1872 total
» units
| Wisp | 14 | |
| Archer | 11 | |
| Huntress | 4 | |
| Hippogryph | 2 | |
| Tauren | 8 | |
| Shaman | 6 | |
| Spirit Walker | 3 | |
48 total
» upgrades
| Hippogryph Taming | 1 | |
| Shaman Training | 1 | |
| Melee Weapons | 2 | |
| Pulverize | 1 | |
| Armor | 2 | |
| Spirit Walker Training | 2 | |
9 total
» buildings
| Altar of Elders | 1 | |
| Moon Well | 4 | |
| Ancient of War | 1 | |
| Ancient of Wonders | 1 | |
| Hunter's Hall | 1 | |
| Tree of Ages | 1 | |
| Ancient of Wind | 1 | |
| Ancient Protector | 2 | |
| Tauren Totem | 1 | |
| Orc Burrow | 4 | |
| Great Hall | 3 | |
| Watch Tower | 2 | |
22 total
» build order
00:06 Altar of Elders
00:08 Moon Well
01:00 Ancient of War
02:13 Moon Well
02:26 Ancient of Wonders
03:23 Hunter's Hall
03:26 Moon Well
03:47 Tree of Ages
06:32 Ancient of Wind
06:56 Moon Well
07:10 Ancient Protector
07:57 Ancient Protector
11:54 Tauren Totem
16:23 Orc Burrow
16:26 Orc Burrow
16:29 Orc Burrow
20:17 Great Hall
20:18 Watch Tower
22:01 Great Hall
28:04 Orc Burrow
29:12 Great Hall
29:28 Watch Tower
» items
| Moonstone | 1 | |
| Lesser Clarity Potion | 1 | |
| Scroll of Town Portal | 1 | |
3 total
ebean (
purple | 32 APM | 1431 actions | 44:04)
3 Demon Hunter
1 Immolation
1 Evasion
1 Mana Burn
» actions
| Build / train | 69 | |
| Enter build submenu | 18 | |
| Enter hero's abilities submenu | 3 | |
| Right click | 980 | |
| Select / deselect | 316 | |
| Use ability | 45 | |
1431 total
» units
| Wisp | 20 | |
| Archer | 19 | |
| Hippogryph | 15 | |
54 total
» upgrades
| Strength of the Moon | 3 | |
| Moon Armor | 3 | |
| Improved Bows | 1 | |
| Hippogryph Taming | 1 | |
| Marksmanship | 1 | |
9 total
» buildings
| Moon Well | 12 | |
| Altar of Elders | 1 | |
| Hunter's Hall | 1 | |
| Ancient of War | 3 | |
| Tree of Ages | 1 | |
| Ancient of Wind | 3 | |
| Tree of Eternity | 1 | |
| Tree of Life | 1 | |
23 total
» build order
01:12 Moon Well
01:14 Moon Well
01:16 Moon Well
01:18 Moon Well
01:20 Moon Well
01:21 Moon Well
02:31 Moon Well
02:39 Altar of Elders
02:44 Moon Well
03:06 Hunter's Hall
03:30 Ancient of War
04:08 Tree of Ages
04:19 Ancient of War
04:27 Ancient of War
06:34 Ancient of Wind
06:40 Ancient of Wind
06:49 Ancient of Wind
07:31 Tree of Eternity
10:02 Tree of Life
16:00 Moon Well
16:06 Moon Well
18:14 Moon Well
25:11 Moon Well
Chat log
(01:22 / Allies) monkeymonkeymon: use your peons
(01:26 / Allies) Bacillus: his peons are on break
(01:29 / Allies) Bacillus: union job
(01:44 / Allies) monkeymonkeymon: sho nuf
(01:46 / Allies) fredwoww: maknig wyvs and shaman
(02:00 / Allies) monkeymonkeymon: shall we harrass orange?
(03:01 / Allies) monkeymonkeymon: that one is really lazy
(03:12 / Allies) fromhell07: lol\
(07:04 / Allies) fredwoww: rdy again?
(07:16 / Allies) monkeymonkeymon: sure
(07:56 / Allies) fredwoww: meet
(08:02 / Allies) monkeymonkeymon: gotta move before they attack us....
(08:27 / Allies) monkeymonkeymon: wait for us
(08:43 / Allies) monkeymonkeymon: orange?
(08:48 / Allies) fredwoww: yep
(11:20 / Allies) monkeymonkeymon: wood?
(11:25 / Allies) fredwoww: 1 sec
(13:50 / Allies) monkeymonkeymon: creep?
(16:12 / Allies) fredwoww: meet?
(17:01 / Allies) monkeymonkeymon: bats please
(17:03 / Allies) fromhell07: come to teals base then we counter
(17:22 / Allies) fromhell07: im not good with bats
(17:27 / Allies) monkeymonkeymon: okay
(17:34 / Allies) monkeymonkeymon: I'm going to make a ton of bird things
(18:17 / Allies) monkeymonkeymon: gold?
(18:52 / Allies) fredwoww: meet at my base
(21:23 / Allies) monkeymonkeymon: wow.....
(22:06 / Allies) monkeymonkeymon: game plan
(22:10 / Allies) monkeymonkeymon: need lots of bats
(22:10 / Allies) fredwoww: they are probably coming to my base
(23:17 / Allies) fredwoww: hlp plzz
(23:21 / Allies) monkeymonkeymon: i got no money....
(25:00 / Allies) monkeymonkeymon: I can't believe we managed to lose...
(25:09 / Allies) fredwoww: dont go to my town
(26:55 / Allies) fredwoww: red make aa
(27:01 / Allies) monkeymonkeymon: bats bats bats
(27:12 / Allies) monkeymonkeymon: make more bestiaries
(28:21 / Allies) monkeymonkeymon: use concoction from afar
(28:25 / Allies) monkeymonkeymon: don't attack with bats
(29:03 / Allies) Bacillus: scout for more expo blue
(30:01 / Allies) monkeymonkeymon: if he made bats we migh thave won
(30:11 / Allies) fredwoww: he sucked lol
(31:30 / Allies) fredwoww: lol give me gold i just saw i have a peon
(31:37 / Allies) fredwoww: thx man
(32:11 / Allies) fredwoww: green there ill go
(33:27 / Allies) fredwoww: kill them
(34:30 / Allies) fredwoww: if only we could use blue and pink gold and wood
(37:25 / Allies) fredwoww: gj
(39:00 / Allies) Bacillus: then check this
(39:33 / Allies) fredwoww: yep
(40:10 / Allies) Bacillus: hes gone
(40:11 / Allies) fredwoww: destrou green
(40:44 / Allies) fredwoww: take units there
(41:20 / Allies) Bacillus: here
(41:21 / Allies) Bacillus: take pot
(41:23 / Allies) Bacillus: try and snipe acos
(41:40 / Allies) fredwoww: ill go kill that
(44:19 / Allies) Bacillus: that again
(44:33 / Allies) fredwoww: build some things to get units
(44:39 / Allies) Bacillus: i slowly am
(46:05 / Allies) fredwoww: ill go
(47:30 / Allies) fredwoww: destroy main
(48:16 / Allies) fredwoww: i think we win
(48:24 / Allies) Bacillus: just have to kill his army
(48:49 / Allies) fredwoww: tp at our base
(49:52 / Allies) Bacillus: on my way
(50:26 / Allies) fredwoww: kill the hero
(51:08 / Allies) fredwoww: ill be afk for a moment